 Dungeon Crawl Stone Soup version 0.29.1-14-g9c671dbff4 (webtiles) character file.

Game seed: 15045977089047868204

81637 nightchill the Warrior (level 15, -5/117 HPs)
             Began as a Merfolk Fighter on Feb 16, 2023.
             Was an Elder of Hepliaklqana.
             Slain by a dire elephant (19 damage)
             ... on level 5 of the Lair of Beasts on Feb 17, 2023.
             The game lasted 01:06:53 (30273 turns).

nightchill the Warrior (Merfolk Fighter)           Turns: 30273, Time: 01:06:54

Health: -5/117     AC: 13    Str: 33    XL:     15   Next: 71%
Magic:  24/24      EV: 16    Int: 15    God:    Hepliaklqana [****..]
Gold:   910        SH: 14    Dex: 16    Spells: 14/14 levels left

rFire   + . .      SeeInvis .   a - +2 trident
rCold   . . .      Faith    .   M - +0 kite shield
rNeg    . . .      Spirit   .   T - +3 ring mail "Xegu" {Will+ Str+6}
rPois   +          Reflect  .   G - +0 helmet
rElec   .          Harm     .   (no cloak)
rCorr   .          Rampage  .   I - +0 pair of gloves
Will    ++...                   K - +1 pair of boots
Stlth   ++........              Y - amulet "Jiug" {Regen+ Int+7}
HPRegen 1.09/turn               X - ring "Nouqif" {Fly rPois Str-2 Dex+2 Stlth+}
MPRegen 0.19/turn               c - ring of the Building Genius {rF+ Str+6}

@: mighty, about to teleport, flying
A: reduced essence, (nimble swimmer 2), mertail
a: Renounce Religion, Recall Ancestor, Ancestor Identity, Transference, Idealise


You were on level 5 of the Lair of Beasts.
You worshipped Hepliaklqana.
Hepliaklqana was greatly pleased with you.
You visited 4 branches of the dungeon, and saw 22 of its levels.
You also visited: Ice Cave and Volcano.

You collected 2016 gold pieces.
You spent 1106 gold pieces at shops.

Inventory:

Hand Weapons
 a - a +2 trident (weapon)
 l - a +0 trident
Missiles
 k - 3 silver javelins (quivered)
 E - 3 throwing nets
Armour
 G - a +0 helmet (worn)
 I - a +0 pair of gloves (worn)
 K - a +1 pair of boots (worn)
 M - a +0 kite shield (worn)
 T - the +3 ring mail "Xegu" (worn) {Will+ Str+6}
   (You found it on level 4 of the Lair of Beasts)

   Str:       It affects your strength (+6).
   Will:      It increases your willpower.
Jewellery
 b - a ring of fire
 c - the ring of the Building Genius (right hand) {rF+ Str+6}
   (You bought it in a shop on level 2 of the Orcish Mines)

   [ring of strength]

   Str:       It affects your strength (+6).
   rF:        It protects you from fire.
 C - an amulet of reflection
 J - a ring of positive energy
 O - a ring of protection from fire
 X - the ring "Nouqif" (left hand) {Fly rPois Str-2 Dex+2 Stlth+}
   (You found it on level 10 of the Dungeon)

   [ring of flight]

   Str:       It affects your strength (-2).
   Dex:       It affects your dexterity (+2).
   rPois:     It protects you from poison.
   Fly:       It grants you flight.
   Stlth:     It makes you more stealthy.
 Y - the amulet "Jiug" (around neck) {Regen+ Int+7}
   (You found it in an ice cave)

   [amulet of regeneration]

   Int:       It affects your intelligence (+7).
   Regen:     It increases your rate of health regeneration.
 Z - a ring of ice
Wands
 e - a wand of acid (20)
 j - a wand of mindburst (9)
 y - a wand of flame (55)
 H - a wand of charming (12)
 Q - a wand of digging (5)
 R - a wand of polymorph (2)
Scrolls
 d - a scroll of silence {unknown}
 f - 4 scrolls of noise
 h - 3 scrolls of fog
 i - 2 scrolls of enchant armour {unknown}
 n - 7 scrolls of teleportation
 q - 5 scrolls of enchant weapon {unknown}
 r - 5 scrolls of fear {unknown}
 w - 4 scrolls of amnesia
 x - 2 scrolls of magic mapping {unknown}
 z - 3 scrolls of immolation
 A - 6 scrolls of vulnerability
 D - 2 scrolls of blinking
 F - a scroll of brand weapon {unknown}
Potions
 g - a potion of brilliance
 m - 3 potions of invisibility
 o - a potion of cancellation
 p - 6 potions of heal wounds
 s - 3 potions of mutation
 t - 2 potions of ambrosia
 v - 4 potions of lignification
 B - a potion of magic
 N - a potion of flight
 P - 5 potions of curing
 S - a potion of resistance
 U - 3 potions of haste
 V - 3 potions of berserk rage
 W - a potion of attraction
Miscellaneous
 u - a tin of tremorstones (inert)


   Skills:
 + Level 15.9 Fighting
 - Level 14.0 Polearms
 + Level 5.1 Armour
 * Level 10.3 Dodging
 - Level 15.0 Shields
 - Level 12.7 Invocations
 + Level 2.8 Evocations


You had 14 spell levels left.
You didn't know any spells.
Your spell library contained the following spells:

 Spells                   Type           Power      Damage    Failure   Level
 Magic Dart               Conj           0%         1d3       54%         1
 Call Imp                 Summ           0%         N/A       67%         2
 Searing Ray              Conj           0%         2d4       67%         2
 Sublimation of Blood     Necr           0%         N/A       67%         2
 Gell's Gravitas          Tloc           0%         N/A       88%         3
 Lesser Beckoning         Tloc           0%         N/A       88%         3
 Mephitic Cloud           Conj/Pois/Air  0%         N/A       88%         3
 Teleport Other           Tloc           0%         N/A       88%         3
 Cause Fear               Hex            0%         N/A       99%         4
 Corpse Rot               Necr/Pois/Air  0%         N/A       99%         4
 Dispel Undead            Necr           0%         3d6       99%         4
 Fulminant Prism          Conj/Hex       0%         3d6       99%         4
 Leda's Liquefaction      Hex/Erth       0%         N/A       99%         4
 Petrify                  Tmut/Erth      0%         N/A       99%         4
 Irradiate                Conj/Tmut      0%         3d11      100%        5
 Lee's Rapid Deconstruct  Erth           0%         3d5*      100%        5
 Death Channel            Necr           0%         N/A       100%        6
 Statue Form              Tmut/Erth      0%         N/A       100%        6
 Dragon Form              Tmut           0%         N/A       100%        7
 Dragon's Call            Summ           0%         N/A       100%        9


Dungeon Overview and Level Annotations

Branches:
Dungeon (14/15)            Temple (1/1) D:4            Lair (5/5) D:9
  Swamp (0/4) Lair:2       Spider (0/4) Lair:2        Slime (0/5) Lair:4
    Orc (2/2) D:10            Elf (0/3) Orc:2        Vaults (0/5) D:13
  IceCv (visited)         Volcano (visited)

Altars:
Ashenzari
Cheibriados
Dithmenos
Elyvilon
Fedhas
Gozag
Hepliaklqana
Kikubaaqudgha
Makhleb
Nemelex Xobeh
Okawaru
Qazlal
Ru
Sif Muna
Trog
Uskayaw
Vehumet
Wu Jian
Xom
Yredelemnul
Zin
The Shining One

Shops:
D:13 *   Orc:2 ![!(=

Annotations:
D:3 exclusion: downstairs
D:9 exclusion: downstairs
D:10 exclusions: obsidian statue and 2 more exclusions
D:11 Fannar
D:13 exclusion: downstairs
Lair:2 exclusion: downstairs
Lair:3 2 transporters, gargbit's ghost, journeyman SpEE


Innate Abilities, Weirdness & Mutations

Your life essence is reduced to manifest your ancestor. (-10% HP)
((You are very nimble when in or above water. (Stealth+, EV+, Speed+++)))
Your lower body shifts to a powerful aquatic tail in water.


Message History

You block the dire elephant's attack. The dire elephant trunk-slaps you.
You hit the dire elephant but do no damage.
The dire elephant is moderately wounded.
The dire elephant tramples you!!
You are shoved backwards!
You hit the manticore.
The manticore is lightly wounded.
The dire elephant tramples you but does no damage.
The dire elephant misses you. You block the manticore's attack. x2
The manticore misses you.
The tin of tremorstones is presently inert.
You feel very mighty all of a sudden. The dire elephant tramples you!!
You are shoved backwards!
You impale the manticore!!
The manticore is heavily wounded.
You puncture the manticore!
The manticore is severely wounded.
The manticore bites you but does no damage.
The manticore claws you. You block the manticore's attack.
The dire elephant tramples you!!
* * * LOW HITPOINT WARNING * * *
You are shoved backwards!
Reach: a) +2 trident
Press: ? - help, Dir - move target, f - manticore, p - dire elephant
Aim: a manticore (severely wounded, about 20% to evade your +2 trident)
You reach to attack!
You puncture the manticore!
The manticore is almost dead.
The dire elephant completely misses you.
You block the dire elephant's attack.
Unknown command.
You puncture the manticore!
You kill the manticore!
As you read the scroll of teleportation, it crumbles to dust.
You feel strangely unstable.
You block the dire elephant's attack. x2
You hit the dire elephant but do no damage.
The dire elephant is moderately wounded.
The dire elephant tramples you!!
* * * LOW HITPOINT WARNING * * *
You are shoved backwards!
You feel better. The dire elephant tramples you!!
You die...

..............................†..
.................................
.................................
.................................
.......###..##..####...####..##..
.......# ######## ##### #######
......#####...##### #####.P.#
....####......†P..## ##.#......
...###...††....Y@..# ##.#....†..
...# #....###.#†...####.....#†###
..##..... #...†......#.......†..#
..# #... #...#....P###P....#...#
..# P.# #...#...###.###...#...#
..# # ######...#.......###### ..#
#P..#.#...#....P##.. ..##
#.....#.........##.. ...##
##....#####....###..


You could see a dire elephant.

Vanquished Creatures
  A quicksilver ooze (IceCv)
  7 hydras
  A vault guard (D:13)
  A boulder beetle (D:13)
  A catoblepas (Lair:5)
  2 two-headed ogres
  7 death yaks
  A hell hog (Volcano)
  Nergalle (D:11)
  Amaemon (Lair:1)
  2 lindwurms
  4 orc sorcerers
  An orc knight (D:10)
  A manticore (Lair:5)
  3 cyclopes
  An elephant (Lair:1)
  3 black mambas
  2 torpor snails
  An ice statue (IceCv)
  7 cane toads
  A kobold demonologist (D:12)
  2 gargoyles
  A rime drake (Lair:5)
  A freezing wraith (Lair:2)
  2 komodo dragons
  2 trolls
  5 polar bears
  Grinder (D:4)
  A tyrant leech (Lair:2)
  7 blink frogs
  A hornet (D:9)
  Prince Ribbit (D:5)
  19 slime creatures (IceCv)
  4 dream sheep
  A shadow (D:10)
  2 wyverns (Lair:3)
  16 yaks
  Sigmund (D:3)
  2 wraiths
  2 basilisks
  2 humans (D:13)
  Eustachio (D:5)
  Edmund (D:6)
  2 steam dragons
  2 vampire mosquitoes (D:12)
  7 wargs
  A swamp worm (Lair:2)
  8 water moccasins
  Duvessa (D:5)
  An acid dragon (D:12)
  A hell hound (Volcano)
  5 orc warriors
  5 ice beasts
  3 sky beasts
  2 great orb of eyes simulacra (IceCv)
  10 wolves
  An ogre (D:4)
  2 centaurs
  2 phantoms
  2 slime creature simulacra (IceCv)
  9 bullfrogs
  2 kobold brigands
  Blork the orc (D:4)
  3 gnoll sergeants
  2 glowing shapeshifter simulacra (IceCv)
  3 scorpions (D:6)
  11 wights
  Dowan (D:5)
  3 killer bees (D:9)
  2 vampire bats (Orc:2)
  3 electric eels
  3 hounds (D:5)
  A jelly (D:4)
  14 orc priests
  2 iguanas
  30 orc wizards
  Natasha (thrice) (D:4)
  3 hell rats (Lair:5)
  A shapeshifter simulacrum (IceCv)
  Robin (D:4)
  6 adders
  9 gnolls
  A shadow imp (D:6)
  2 white imps (D:6)
  An ufetubus (D:6)
  5 worms
  A worm (shapeshifter) (D:13)
  A dart slug (D:3)
  64 orcs
  5 ball pythons
  7 bats
  10 endoplasms
  3 giant cockroaches
  15 goblins
  8 hobgoblins
  2 jackals (D:1)
  4 quokkas
  3 frilled lizards
  13 kobolds
  8 rats
445 creatures vanquished.

Vanquished Creatures (collateral kills)
  An azure jelly (IceCv)
  An ettin (D:10)
  A fire dragon (Volcano)
  4 vault guards (D:13)
  2 hydras
  A catoblepas (Lair:5)
  2 boulder beetles
  Erica (D:8)
  2 two-headed ogres
  6 death yaks
  Urug (Lair:3)
  A sea snake (Lair:5)
  2 lindwurms
  2 orc sorcerers
  An ugly thing (D:13)
  An orc knight (Orc:2)
  3 cyclopes
  2 manticores
  2 elephants (Lair:1)
  2 black mambas
  2 ice statues
  An orange demon (Lair:1)
  Maggie (D:8)
  8 cane toads
  A rime drake (Lair:5)
  Psyche (D:9)
  2 komodo dragons
  2 ice devils (D:12)
  A troll (D:12)
  2 meliai
  3 polar bears
  3 blink frogs
  4 slime creatures (IceCv)
  5 dream sheep
  A shadow (D:10)
  14 yaks
  2 wraiths (D:12)
  5 humans (D:13)
  3 wyverns
  A steam dragon (Volcano)
  4 wargs
  6 water moccasins
  A hell hound (Volcano)
  2 acid dragons
  10 orc warriors
  An ice beast (Lair:2)
  A great orb of eyes simulacrum (IceCv)
  A sky beast (D:7)
  An ogre (Orc:2)
  6 wolves
  2 slime creature simulacra (IceCv)
  2 kobold brigands
  5 bullfrogs
  2 necrophages
  2 glowing shapeshifter simulacra (IceCv)
  5 wights
  3 killer bees (D:9)
  A vampire bat (Orc:2)
  2 orc priests
  A hound (D:6)
  2 hell rats (Lair:5)
  17 orc wizards
  4 gnolls
  2 white imps (Lair:2)
  21 orcs
  2 bats (Orc:2)
  8 kobolds
214 creatures vanquished.

Vanquished Creatures (others)
  A steam dragon (Volcano)
  A shapeshifter simulacrum (IceCv)
  19 knights
  An orc (Orc:2)
  25 fungi
  34 plants
81 creatures vanquished.

Grand Total: 740 creatures vanquished

Notes
Turn   | Place    | Note
-------+----------+-------------------------------------------
     0 | D:1      | nightchill the Merfolk Fighter began the quest for the Orb.
     0 | D:1      | Reached XP level 1. HP: 18/18 MP: 1/1
   139 | D:1      | Reached XP level 2. HP: 24/24 MP: 2/2
   766 | D:2      | Reached XP level 3. HP: 30/30 MP: 3/3
   829 | D:2      | Identified the amulet "Gebbeot" {Faith rF- rCorr Dex+6}
  1133 | D:2      | Found a faded altar of an unknown god.
  1655 | D:3      | Reached XP level 4. HP: 31/37 MP: 4/4
  1773 | D:3      | Reached skill level 5 in Polearms
  2012 | D:3      | Noticed Sigmund
  2025 | D:3      | Killed Sigmund
  2026 | D:3      | Reached XP level 5. HP: 14/43 MP: 5/5
  2265 | D:3      | Reached XP level 6. HP: 50/50 MP: 6/6
  2502 | D:3      | Reached skill level 5 in Fighting
  2888 | D:4      | Noticed Robin
  2888 | D:4      | Noticed Grinder
  2901 | D:4      | Killed Grinder
  2901 | D:4      | HP: 2/51 [hobgoblin[Robin] (1)]
  2902 | D:4      | Reached XP level 7. HP: 2/56 MP: 7/7
  3230 | D:4      | Killed Robin
  3722 | D:4      | Found a staircase to the Ecumenical Temple.
  3859 | Temple   | Entered the Ecumenical Temple
  3888 | Temple   | Became a worshipper of Hepliaklqana the Forgotten
  4114 | D:4      | Noticed Blork the orc
  4127 | D:4      | Killed Blork the orc
  4636 | D:4      | Noticed Natasha
  4647 | D:4      | Killed Natasha
  4770 | D:4      | Noticed Natasha
  4785 | D:4      | Killed Natasha
  4882 | D:5      | Entered Level 5 of the Dungeon
  4915 | D:5      | Reached XP level 8. HP: 65/65 MP: 8/8
  4947 | D:5      | Noticed Prince Ribbit
  4974 | D:5      | Killed Prince Ribbit
  4975 | D:5      | Reached skill level 10 in Polearms
  5414 | D:4      | Noticed Natasha
  5427 | D:4      | Killed Natasha
  6207 | D:5      | Reached * piety under Hepliaklqana
  6308 | D:5      | Noticed Dowan
  6308 | D:5      | Noticed Duvessa
  6319 | D:5      | Killed Duvessa
  6324 | D:5      | Killed Dowan
  6520 | D:5      | Noticed Eustachio
  6533 | D:5      | Killed Eustachio
  6534 | D:5      | Reached XP level 9. HP: 47/66 MP: 9/9
  7879 | D:6      | Noticed Edmund
  7896 | D:6      | Killed Edmund
  8274 | D:7      | Reached ** piety under Hepliaklqana
  8275 | D:7      | Remembered your ancestor Jimmeh as a knight
  8305 | D:7      | Reached skill level 1 in Invocations
  8762 | D:7      | Reached XP level 10. HP: 74/74 MP: 11/11
  9538 | D:8      | Reached *** piety under Hepliaklqana
  9624 | D:8      | Noticed a cyclops
  9632 | D:8      | Killed a cyclops
  9633 | D:8      | Reached skill level 10 in Fighting
  9643 | D:8      | Noticed a five-headed hydra
  9651 | D:8      | Reached skill level 5 in Shields
  9652 | D:8      | Killed a five-headed hydra
  9661 | D:8      | Reached skill level 5 in Invocations
  9874 | D:8      | Noticed Erica
  9890 | D:8      | Killed Erica
 10446 | D:8      | Noticed Maggie
 10463 | D:8      | Killed Maggie
 10724 | D:9      | Noticed a two-headed ogre
 10736 | D:9      | Reached XP level 11. HP: 82/82 MP: 12/15
 10771 | D:9      | Killed a two-headed ogre
 11405 | D:9      | Noticed Psyche
 11406 | D:9      | Found a staircase to the Lair.
 11410 | D:9      | Killed Psyche
 11804 | Lair:1   | Entered Level 1 of the Lair of Beasts
 11859 | Lair:1   | Noticed a death yak
 11953 | Lair:1   | HP: 3/83 [poisoned by a black mamba]
 12564 | Lair:1   | Reached **** piety under Hepliaklqana
 12591 | Lair:1   | Noticed Amaemon
 12919 | Lair:1   | Killed a death yak
 13201 | Lair:1   | Reached XP level 12. HP: 91/91 MP: 18/18
 13433 | Lair:1   | Killed Amaemon
 13887 | Lair:2   | Noticed a six-headed hydra
 13917 | Lair:2   | Killed a six-headed hydra
 13918 | Lair:2   | Reached skill level 10 in Shields
 14097 | Lair:2   | Noticed a four-headed hydra
 14108 | Lair:2   | Killed a four-headed hydra
 14360 | Lair:2   | Found a hole to the Spider Nest.
 14421 | Lair:2   | Noticed a six-headed hydra
 14429 | Lair:2   | Killed a six-headed hydra
 15294 | Lair:2   | Found a staircase to the Swamp.
 15609 | Lair:3   | Noticed a death yak
 15609 | Lair:3   | Noticed a death yak
 15609 | Lair:3   | Noticed a death yak
 15611 | Lair:3   | Noticed a death yak
 15629 | Lair:2   | Killed a death yak
 15699 | Lair:3   | Reached ***** piety under Hepliaklqana
 15924 | Lair:3   | Found a transporter.
 15939 | Lair:3   | Noticed Urug
 15944 | Lair:3   | Noticed a death yak
 15944 | Lair:3   | Noticed gargbit's ghost (journeyman SpEE)
 15955 | Lair:3   | Killed Urug
 15956 | Lair:3   | Reached skill level 10 in Invocations
 15956 | Lair:3   | Reached XP level 13. HP: 77/99 MP: 20/20
 16690 | Lair:3   | Found a transporter.
 16697 | Lair:3   | Found a burning altar of Makhleb.
 17041 | Lair:4   | Identified the +3 ring mail "Xegu" {Will+ Str+6}
 18426 | Lair:4   | Found a staircase to the Slime Pits.
 19142 | D:10     | Entered Level 10 of the Dungeon
 19152 | D:10     | Identified the ring "Nouqif" {Fly rPois Str-2 Dex+2 Stlth+}
 19330 | D:10     | Reached XP level 14. HP: 90/108 MP: 22/22
 19579 | D:10     | Found a staircase to the Orcish Mines.
 19702 | Orc:1    | Entered Level 1 of the Orcish Mines
 20804 | Orc:2    | Entered Level 2 of the Orcish Mines
 20895 | Orc:2    | Found a staircase to the Elven Halls.
 20986 | Orc:2    | Found Feumugob's Distillery.
 21014 | Orc:2    | Bought a potion of curing for 33 gold pieces
 21014 | Orc:2    | Bought a potion of heal wounds for 55 gold pieces
 21014 | Orc:2    | Bought a potion of curing for 33 gold pieces
 21014 | Orc:2    | Bought a potion of curing for 33 gold pieces
 21014 | Orc:2    | Bought a potion of heal wounds for 55 gold pieces
 21691 | Orc:2    | Paralysed by an orc sorcerer for 5 turns
 21947 | Orc:2    | Reached skill level 1 in Dodging
 22869 | Orc:2    | Found Ytun's Weapon Shoppe.
 22869 | Orc:2    | Found Xuing's Jewellery Boutique.
 23095 | Orc:2    | Found Virosox's Armour Shoppe.
 23095 | Orc:2    | Found Luint's Distillery.
 23335 | Orc:2    | Bought the ring of the Building Genius {rF+ Str+6} for 600
                  | gold pieces
 23620 | D:10     | Found a burning altar of Makhleb.
 23620 | D:10     | Found a sparkling altar of Nemelex Xobeh.
 23622 | D:10     | Found a glowing golden altar of the Shining One.
 23641 | D:10     | Found a sacrificial altar of Ru.
 23643 | D:10     | Found a shimmering blue altar of Sif Muna.
 24068 | D:11     | Noticed Fannar
 24153 | D:11     | Noticed Nergalle
 24164 | D:11     | Killed Nergalle
 24474 | D:11     | Reached skill level 15 in Fighting
 24886 | D:12     | Reached skill level 15 in Shields
 25265 | D:12     | Found a frozen archway.
 25293 | IceCv    | Entered an ice cave
 25391 | IceCv    | Reached skill level 5 in Dodging
 25764 | IceCv    | Identified the amulet "Jiug" {Regen+ Int+7}
 25946 | IceCv    | Noticed a quicksilver ooze
 25955 | IceCv    | Killed a quicksilver ooze
 27100 | IceCv    | Found a viscous altar of Jiyva.
 27100 | IceCv    | Noticed an azure jelly
 27111 | IceCv    | Killed an azure jelly
 27112 | IceCv    | Reached XP level 15. HP: 116/116 MP: 24/24
 28023 | D:13     | Found Uteomu's Island Escapes.
 28031 | D:13     | Bought a scroll of blinking for 127 gold pieces
 28031 | D:13     | Bought a potion of haste for 170 gold pieces
 28214 | D:13     | Found a gate to the Vaults.
 28829 | Lair:5   | Entered Level 5 of the Lair of Beasts
 28874 | Lair:5   | Reached skill level 1 in Evocations
 28992 | Lair:5   | Noticed Nessos
 28993 | Lair:5   | Noticed Nessos
 28993 | Lair:5   | Nessos changed into Nessos the sea snake
 28998 | Lair:5   | Killed Nessos the sea snake
 29205 | Lair:5   | Found a dark tunnel.
 29221 | Volcano  | Entered a volcano
 29471 | Lair:5   | Identified the +9 rapier "Bairuh" {freeze, rPois}
 30060 | Lair:5   | Reached skill level 5 in Armour
 30060 | Lair:5   | Reached skill level 10 in Dodging
 30273 | Lair:5   | Slain by a dire elephant

Illustrated notes

Levels and vault maps discovered:
D:1:      minmay_arrival_open_corners, layout_rooms, serial_rivers,
          chequers_serial_rivers_large_a, chequers_serial_rivers_marsh,
          chequers_serial_rivers_room_a, chequers_serial_rivers_marsh,
          corner_web_ring, amcnicky_mini_rare_corridor_liquid
D:2:      layout_basic, ebering_ecumenical_altar_hall
D:3:      layout_basic, uniq_sigmund
D:4:      layout_basic, minmay_temple_entry_glass, wad_orctagon,
          uniq_blork_the_orc, uniq_natasha, uniq_robin, uniq_grinder
D:5:      layout_loops_corners, uniq_duvessa, uniq_prince_ribbit1,
          uniq_eustachio
D:6:      layout_loops_corners, uniq_edmund
D:7:      layout_loops_cross, serial_bayou_lagoon_b
D:8:      layout_basic, minmay_three_doors, uniq_maggie, uniq_erica
D:9:      layout_loops_cross, david_lair_shrubbed, uniq_psyche
D:10:     layout_long_grid, nicolae_overflow_hidden_temple,
          minmay_orc_entry_temple_small, minmay_protected_statue
D:11:     layout_roguey, uniq_fannar, uniq_nergalle
D:12:     layout_stronghold, portal_ice_cave_demonic_guard, nicolae_titane
D:13:     layout_gridville, ximxim_vaults_locker_room, nicolae_island_escapes
D:14:     minmay_tri_box, layout_rooms, lemuel_round_altar, uniq_azrael
Temple:   bh_familiar_temple
Lair:1:   layout_cave_pods, serial_bayou_crossing, serial_bayou_shore_b,
          uniq_amaemon
Lair:2:   layout_cave_shapes, palyth_hydra_swamp_entry, spider_nest_entry_webs,
          ice2_lemuel, grunt_megastairs_3
Lair:3:   layout_chaotic_city, nzn_ghost_randoct, basic_altar, uniq_urug
Lair:4:   layout_cave_pods, dpeg_slime_entry_enclosed,
          infiniplex_staircase_pool, grunt_megastairs_5, serial_bayou_shore_b
Lair:5:   hangedman_lair_in_review, layout_regular_city,
          nicolae_volcano_entry_hallway, uniq_nessos
Orc:1:    layout_caves
Orc:2:    st_orc_town, layout_diamond_mine, serial_shops, nicolae_shop_crystal,
          roderic_batcave

Skill      XL: |  1  2  3  4  5  6  7  8  9 10 11 12 13 14 15 |
---------------+----------------------------------------------+-----
Polearms       | 3 4 6 8 9 12 14 | 14.0
Fighting       | 4 5 6 7 9 10 12 13 14 15 | 15.9
Invocations    | 2 6 8 10 11 12 | 12.7
Shields        | 6 9 11 13 15 | 15.0
Dodging        | 6 10 | 10.3
Armour         | 3 5 |  5.1
Evocations     | 2 |  2.8

Action                   |  1- 3 |  4- 6 |  7- 9 | 10-12 | 13-15 || total
-------------------------+-------+-------+-------+-------+-------++-------
Melee: Trident           |   124 |    58 |   417 |   545 |  1281 ||  2425
       Tailslap          |     1 |       |       |     1 |     4 ||     6
Invok: Ancestor Identity |       |       |     1 |       |       ||     1
       Recall Ancestor   |       |       |     1 |     6 |    18 ||    25
       Ancestor Life: Kn |       |       |     1 |       |       ||     1
       Idealise          |       |       |       |     1 |    14 ||    15
       Transference      |       |       |       |       |     3 ||     3
Evoke: Wand              |       |       |       |     2 |     3 ||     5
       Tin of tremorston |       |       |       |       |     2 ||     2
  Use: Potion            |       |     2 |     5 |     8 |     5 ||    20
       Scroll            |       |       |     9 |     4 |     8 ||    21
 Stab: Distracted        |       |       |     1 |     6 |     8 ||    15
       Sleeping          |       |       |       |     3 |     2 ||     5
       Invisible         |       |       |       |     2 |       ||     2
       Petrified         |       |       |       |       |    10 ||    10
Armor: Scale mail        |    41 |     6 |       |       |       ||    47
       Chain mail        |       |     7 |    97 |    15 |       ||   119
       Shadow dragon sca |       |       |       |   124 |    10 ||   134
       Ring mail         |       |       |       |       |   131 ||   131
Dodge: Dodged            |    49 |     9 |    48 |    60 |   137 ||   303
Block: Buckler           |    12 |     6 |    95 |    24 |       ||   137
       Reflection        |       |       |     2 |       |     9 ||    11
       Kite shield       |       |       |       |   217 |   489 ||   706
